 Dungeon Crawl Stone Soup version 0.25-a0-448-g1f46b9f714 (webtiles) character file.

Game seed: 8225387394141015731, levelgen mode: deterministic

18282 kae the Transmogrifier (level 12, 0/100 HPs)
             Began as a Pale Draconian Transmuter on Jan 31, 2020.
             Was a Priest of Uskayaw.
             Slain by a death yak (15 damage)
             ... led by a torpor snail
             ... on level 3 of the Lair of Beasts.
             The game lasted 00:21:45 (21066 turns).

kae the Transmogrifier (Pale Draconian Transmuter) Turns: 21066, Time: 00:21:45

Health: 0/100      AC: 12    Str: 13    XL:     12   Next: 26%
Magic:  22/22      EV: 20    Int: 17    God:    Uskayaw [***...]
Gold:   567        SH:  0    Dex: 16    Spells: 10/25 levels left

rFire    . . .     SeeInvis .     - Unarmed
rCold    . . .     Gourm    .   (no shield)
rNeg     . . .     Faith    .   (armour unavailable)
rPois    .         Spirit   .   p - +1 hat
rElec    .         Reflect  .   l - +0 cloak
rCorr    .         Harm     .   z - +1 pair of gloves
MR       .....                  (no boots)
Stlth    +.........             x - amulet of rage
HPRegen  0.26/turn              e - +5 ring of evasion
MPRegen  0.18/turn              r - +3 ring of intelligence

@: no status effects
A: breathe steam, unfitting armour, cold-blooded, AC +8
a: Breathe Steam, Stomp, Line Pass, Renounce Religion, Evoke Berserk Rage


You were on level 3 of the Lair of Beasts.
You worshipped Uskayaw.
Uskayaw was noncommittal.
You were very hungry.

You visited 3 branches of the dungeon, and saw 14 of its levels.
You also visited: Sewer and Ice Cave.

You collected 567 gold pieces.

Inventory:

Hand Weapons
 D - a +4 morningstar
 L - the +3 short sword of Gluttony {pain, rElec Str+4}
   (You found it in an ice cave)

   In the hands of one skilled in necromantic magic, it inflicts extra damage on
   living creatures.
   It affects your strength (+4).
   It insulates you from electricity.
 N - the +4 trident of Batam {vamp, +Inv Dex+4}
   (You found it on level 3 of the Lair of Beasts)

   It inflicts no extra harm, but heals its wielder when it wounds a living foe.
   It affects your dexterity (+4).
   It lets you turn invisible.
Missiles
 a - 212 arrows
Armour
 l - a +0 cloak (worn)
 p - a +1 hat (worn)
 z - a +1 pair of gloves (worn)
Jewellery
 e - a +5 ring of evasion (left hand)
 m - an uncursed ring of stealth
 r - a +3 ring of intelligence (right hand)
 x - an amulet of rage (around neck)
Wands
 n - a wand of random effects (31)
 q - a wand of flame (74)
 t - a wand of disintegration (17)
 v - a wand of polymorph (12)
 C - a wand of iceblast (7)
 E - a wand of acid (9)
 H - a wand of enslavement (8)
 I - a wand of paralysis (6)
 M - a wand of digging (5)
Scrolls
 b - 3 scrolls of blinking
 d - 2 scrolls of remove curse
 f - a scroll of identify
 g - 5 scrolls of fear
 h - 2 scrolls of amnesia
 j - 4 scrolls of fog
 o - 7 scrolls of teleportation
 y - 3 scrolls of magic mapping
 K - a scroll of enchant weapon
Potions
 i - a potion of might
 k - 4 potions of agility
 s - a potion of heal wounds
 u - 3 potions of haste
 w - 2 potions of brilliance
 A - 6 potions of curing
 B - 2 potions of magic
 F - 2 potions of lignification
 G - a potion of mutation
 J - a potion of ambrosia
Comestibles
 c - 18 rations


   Skills:
 + Level 7.3 Fighting
 - Level 5.1 Dodging
 - Level 10.3 Unarmed Combat
 - Level 7.0 Spellcasting
 - Level 12.1 Transmutations
 + Level 7.4 Invocations


You had 10 spell levels left.
You knew the following spells:

 Your Spells              Type           Power        Failure   Level  Hunger
a - Beastly Appendage     Tmut           #####.       1%          1    None
b - Sticks to Snakes      Tmut           #####...     1%          2    None
c - Spider Form           Tmut/Pois      ####......   2%          3    ##.....
d - Blade Hands           Tmut           #####.....   2%          5    #####..
e - Ice Form              Ice/Tmut       ####....     10%         4    ####...

Your spell library contained the following spells:

 Spells                   Type           Power        Failure   Level  Hunger
 Magic Dart               Conj           #...         12%         1    None
 Shock                    Conj/Air       #...         12%         1    None
 Blink                    Tloc           N/A          17%         2    None
 Call Imp                 Summ           #.......     17%         2    None
 Slow                     Hex            #.......     17%         2    None
 Swiftness                Chrm/Air       #.......     17%         2    None
 Conjure Flame            Conj/Fire      #.......     34%         3    ##.....
 Mephitic Cloud           Conj/Pois/Air  #.......     34%         3    ##.....
 Static Discharge         Conj/Air       #.......     34%         3    ##.....
 Airstrike                Air            #.........   75%         4    ####...
 Lightning Bolt           Conj/Air       #.........   97%         5    #####..


Dungeon Overview and Level Annotations

Branches:
Dungeon (10/15)            Temple (1/1) D:5            Lair (3/6) D:10
  Snake (0/4) Lair:2        Sewer (visited)           IceCv (visited)
  Swamp: Lair:2-4    Shoals: Lair:2-4       Orc: D:9-12

Altars:
Ashenzari
Cheibriados
Dithmenos
Elyvilon
Fedhas
Gozag
Hepliaklqana
Kikubaaqudgha
Makhleb
Nemelex Xobeh
Okawaru
Qazlal
Ru
Sif Muna
Trog
Uskayaw
Vehumet
Wu Jian
Xom
Yredelemnul
Zin
The Shining One

Shops:
D:7 (   D:9 :

Annotations:
D:5 1 transporter, bmj180's ghost, novice DrCj
Lair:1 exclusions: door and 1 more exclusion


Innate Abilities, Weirdness & Mutations

You can breathe blasts of scalding, opaque steam.
Your pale cyan-grey scales are hard. (AC +8)
You cannot fit into any form of body armour.
You are cold-blooded and may be slowed by cold attacks.


Message History

The death yak is no longer paralysed. x2; The yak is no longer paralysed.
The death yak gores you!
* * * LOW HITPOINT WARNING * * *
The yak is no longer paralysed.
As you read the scroll of fear, it crumbles to dust.
You assume a fearsome visage.
The torpor snail looks frightened!
The death yak looks frightened!
The death yak resists with almost no effort.
The yak looks frightened! x2
As you read the scroll of fear, it crumbles to dust.
You assume a fearsome visage.
The death yak resists with almost no effort.
The death yak barely misses you.
The yak gores something!
The death yak barely misses you.
As you read the scroll of fear, it crumbles to dust.
You assume a fearsome visage.
The death yak resists with some effort.
You feel yourself speed up.
The yak gores something but does no damage.
Cornered, the yak turns to fight!
The death yak gores you!
You die...

..........######.######..###
..................# #...#
#)†........## #P..#
##Y..####....## ##..# #P..Y.#
#...#.## #.##
###...###......###.###### .
#####..#..#...........PP#P.
..###.#......Y.................
........Y.....@................
.............<..#..####.......
#.#....#.###..##### #........
#....### #..# ##....... #####
#...## ##..# #.......
.##.###...#####...# #.......
...###P...##.###..#### #...####
...................#.### #...#
.........†........##...# #...#


You could see 2 death yaks and 2 yaks.

Vanquished Creatures
  A catoblepas (Lair:2)
  2 two-headed ogres
  Nergalle (Lair:3)
  Pikel (D:6)
  A necromancer (IceCv)
  A black mamba (Lair:1)
  3 ice statues (IceCv)
  A komodo dragon (Lair:3)
  5 ice devils (IceCv)
  3 spiny frogs
  A rime drake (Lair:3)
  A troll (D:10)
  A polar bear (Lair:2)
  3 blink frogs (Lair:1)
  4 hippogriffs
  Sigmund (D:3)
  A spriggan (D:8)
  7 yaks
  2 wyverns
  A steam dragon (D:10)
  A basilisk (Lair:2)
  2 hungry ghosts
  7 water moccasins
  2 porcupines (Lair:1)
  An ice beast (D:7)
  5 orc warriors
  3 sky beasts
  4 ogres
  2 phantoms
  5 centaurs
  4 wolves (Lair:2)
  7 crocodiles
  11 bullfrogs
  3 big kobolds
  3 scorpions
  2 howler monkeys (D:6)
  3 killer bees (D:8)
  4 wights (D:6)
  4 crimson imps
  3 draconian simulacra (IceCv)
  3 jellies
  8 orc priests
  6 hounds
  Crazy Yiuf (D:2)
  Ijyb (D:3)
  Natasha (thrice) (D:2)
  2 iguanas (D:7)
  8 orc wizards
  6 worker ants
  A troll simulacrum (IceCv)
  3 centaur simulacra (IceCv)
  A hound zombie (D:7)
  A hound skeleton (D:6)
  A howler monkey skeleton (D:5)
  A worker ant zombie (D:6)
  19 gnolls
  13 adders
  2 naga simulacra (IceCv)
  An ogre simulacrum (IceCv)
  8 river rats
  2 shadow imps
  2 oozes (Sewer)
  An adder zombie (D:7)
  2 adder skeletons
  A worm (D:2)
  A dart slug (D:5)
  3 leopard geckos
  59 orcs
  6 ball pythons (Sewer)
  9 giant cockroaches
  2 gnoll zombies (D:9)
  8 goblins
  11 hobgoblins
  15 jackals
  4 quokkas
  4 bats
  6 frilled lizards
  21 kobolds
  A quokka zombie (D:7)
  30 rats
394 creatures vanquished.

Vanquished Creatures (collateral kills)
  An ice devil (IceCv)
1 creature vanquished.

Vanquished Creatures (others)
  4 fungi
  8 plants
12 creatures vanquished.

Grand Total: 407 creatures vanquished

Notes
Turn   | Place    | Note
-------+----------+-------------------------------------------
     0 | D:1      | kae the Draconian Transmuter began the quest for the Orb.
     0 | D:1      | Reached XP level 1. HP: 16/16 MP: 3/3
     7 | D:1      | Noticed a five-headed hydra
     7 | D:1      | Noticed a black bear
     7 | D:1      | Noticed a worker ant
     7 | D:1      | Noticed a hound
   698 | D:1      | Reached XP level 2. HP: 23/23 MP: 5/5
  1004 | D:1      | Reached skill level 3 in Transmutations
  1526 | D:1      | Reached XP level 3. HP: 14/28 MP: 6/6
  1749 | D:1      | You fall into a shaft and drop 1 floor!
  1749 | D:2      | Found a blossoming altar of Fedhas.
  1811 | D:2      | Found a hazy altar of Hepliaklqana.
  2518 | D:2      | Noticed Natasha
  2529 | D:2      | HP: 1/28 [Natasha (5)]
  2532 | D:2      | Killed Natasha
  2532 | D:2      | Reached XP level 4. HP: 24/35 MP: 7/7
  2822 | D:1      | Learned a level 2 spell: Sticks to Snakes
  2826 | D:1      | Learned a level 3 spell: Spider Form
  3115 | D:2      | Noticed Natasha
  3124 | D:2      | Killed Natasha
  3124 | D:2      | Reached skill level 4 in Transmutations
  3135 | D:2      | Noticed Natasha
  3142 | D:2      | Killed Natasha
  3142 | D:2      | Reached XP level 5. HP: 40/40 MP: 3/8
  3290 | D:2      | Found a bloodstained altar of Trog.
  3415 | D:2      | Found a runed translucent door.
  3416 | D:2      | Noticed Crazy Yiuf
  3533 | D:2      | Killed Crazy Yiuf
  3561 | D:2      | HP: 2/40 [poisoned by Crazy Yiuf]
  3569 | D:2      | HP: 1/40 [poisoned by Crazy Yiuf]
  4101 | D:3      | Noticed Ijyb
  4112 | D:3      | Killed Ijyb
  4112 | D:3      | Reached skill level 5 in Transmutations
  4186 | D:3      | Found an opulent altar of Gozag.
  4314 | D:3      | Found an iron altar of Okawaru.
  4565 | D:3      | Reached XP level 6. HP: 39/47 MP: 6/9
  4842 | D:3      | Found a sparkling altar of Nemelex Xobeh.
  4844 | D:3      | Noticed Sigmund
  4857 | D:3      | Killed Sigmund
  4857 | D:3      | Reached skill level 5 in Unarmed Combat
  4857 | D:3      | Reached skill level 6 in Transmutations
  5770 | D:4      | Found a glowing silver altar of Zin.
  5795 | D:4      | Your scales start taking on a pale cyan-grey colour.
  5795 | D:4      | Reached XP level 7. HP: 41/52 MP: 4/10
  6146 | D:4      | Found a shimmering altar of Xom.
  6208 | D:5      | Entered Level 5 of the Dungeon
  6208 | D:5      | Found a staircase to the Ecumenical Temple.
  6218 | Temple   | Entered the Ecumenical Temple
  6567 | D:5      | Found a stormy altar of Qazlal.
  6666 | D:5      | Reached skill level 7 in Transmutations
  7286 | D:5      | Noticed bmj180's ghost (novice DrCj)
  7336 | D:5      | Found a transporter.
  7338 | D:5      | Identified the cursed +0 scale mail of Fortification {-Cast
                  | rF+ Regen+}
  7345 | D:5      | Found a transporter.
  8266 | D:6      | Noticed Pikel
  8291 | D:6      | Found a sparkling altar of Nemelex Xobeh.
  8371 | D:6      | Reached XP level 8. HP: 28/59 MP: 5/11
  8374 | D:6      | Reached skill level 8 in Transmutations
  8645 | D:6      | Killed Pikel
  8645 | D:6      | Reached skill level 9 in Transmutations
  8645 | D:6      | Reached XP level 9. HP: 8/64 MP: 13/13
  8775 | D:6      | Found a glowing drain.
  8784 | Sewer    | Entered a sewer
  9437 | Sewer    | Reached skill level 10 in Transmutations
 10432 | D:7      | Reached skill level 11 in Transmutations
 10725 | D:7      | Found Xasoecei's Weapon Boutique.
 11094 | D:7      | Reached XP level 10. HP: 70/71 MP: 11/14
 11117 | D:7      | Learned a level 5 spell: Blade Hands
 12006 | D:8      | Noticed a two-headed ogre
 12015 | D:8      | Killed a two-headed ogre
 12015 | D:8      | Reached skill level 12 in Transmutations
 12387 | D:8      | Reached skill level 10 in Unarmed Combat
 13272 | D:9      | Found Satu's Book Shoppe.
 13649 | D:9      | Found a hide-covered altar of Uskayaw.
 13706 | D:9      | Found a sacrificial altar of Ru.
 13708 | D:9      | Found a snail-covered altar of Cheibriados.
 14058 | D:9      | Found a basalt altar of Yredelemnul.
 14304 | D:9      | Became a worshipper of Uskayaw the Reveler
 14334 | D:10     | Entered Level 10 of the Dungeon
 14343 | D:10     | Noticed a two-headed ogre
 14349 | D:10     | Reached * piety under Uskayaw
 14351 | D:10     | Reached ** piety under Uskayaw
 14352 | D:10     | Killed a two-headed ogre
 14357 | D:10     | Reached *** piety under Uskayaw
 14360 | D:10     | Reached **** piety under Uskayaw
 15053 | D:10     | Found a staircase to the Lair.
 15061 | D:10     | Reached XP level 11. HP: 85/85 MP: 9/15
 15274 | D:10     | Reached skill level 5 in Fighting
 15854 | Lair:1   | Entered Level 1 of the Lair of Beasts
 15930 | Lair:1   | Reached skill level 5 in Dodging
 16180 | Lair:1   | Reached skill level 1 in Invocations
 16723 | Lair:1   | Noticed a six-headed hydra
 17277 | Lair:2   | Found a staircase to the Snake Pit.
 17286 | Lair:2   | Found a frozen archway.
 17393 | IceCv    | Entered an ice cave
 17616 | IceCv    | Reached skill level 5 in Spellcasting
 17965 | IceCv    | Reached skill level 5 in Invocations
 19018 | IceCv    | Noticed a necromancer
 19025 | IceCv    | Killed a necromancer
 19041 | IceCv    | Got a scorched short sword
 19204 | Lair:2   | Identified the +3 short sword of Gluttony {pain, rElec
                  | Str+4} (You found it in an ice cave)
 19623 | Lair:2   | Learned a level 4 spell: Ice Form
 19714 | Lair:2   | Noticed a catoblepas
 19739 | Lair:2   | Killed a catoblepas
 19739 | Lair:2   | Reached XP level 12. HP: 69/95 MP: 17/22
 20088 | Lair:2   | Reached ***** piety under Uskayaw
 20619 | Lair:3   | Got an iridescent trident
 20776 | Lair:3   | Identified the +4 trident of Batam {vamp, +Inv Dex+4} (You
                  | found it on level 3 of the Lair of Beasts)
 21033 | Lair:3   | Noticed Nergalle
 21043 | Lair:3   | Killed Nergalle
 21044 | Lair:3   | Noticed a death yak
 21044 | Lair:3   | Noticed a death yak
 21060 | Lair:3   | HP: 1/100 [death yak[a torpor snail] (23)]
 21066 | Lair:3   | Slain by a death yak

Levels and vault maps discovered:
D:1:      onia_arrival_zoo_common, layout_basic
D:2:      layout_loops_ring, lemuel_round_altar, lemuel_crystal_altar,
          lemuel_crystal_altar, uniq_crazy_yiuf_cottage, uniq_natasha
D:3:      layout_basic, okawaru_gym_becter, lemuel_doored_altar,
          nemelex_lonely_heart_becter, uniq_ijyb, uniq_sigmund
D:4:      layout_basic, brannock_xom_greatest_gift, zin_academy, first_ration,
          chequers_decorated_corner
D:5:      layout_loops_corners, nicolae_qazlal_general_emergency,
          minmay_temple_entry_proselytizer, gammafunk_ghost_gnarly_gnolls
D:6:      layout_rooms, portal_sewer_entry_a, nemelex_xobeh_ov_fountains_minmay,
          uniq_pikel
D:7:      layout_basic, serial_shops, nicolae_shop_statue_plus
D:8:      layout_loops_ring, the_bakery, minmay_misc_feat_doors
D:9:      layout_layer_cave, lemuel_zombie_altar_yredelemnul,
          eat_drink_and_be_merry_uskayaw, nicolae_overflow_hidden_temple,
          serial_shops, shop, onia_ninara_dug_in_and_dangerous
D:10:     layout_basic, lair_entry_dummy
Temple:   eino_temple_lava
Lair:1:   layout_roguey
Lair:2:   layout_loops_ring, dummy_snake_entry, portal_ice_cave_entry_pillars_1
Lair:3:   layout_small_grid, grunt_megastairs_3, infiniplex_staircase_pool,
          uniq_nergalle

Skill      XL: |  1  2  3  4  5  6  7  8  9 10 11 12 |
---------------+-------------------------------------+-----
Transmutations | 3 4 5 6 7 9 11 12 | 12.1
Unarmed Combat | 4 5 6 7 8 10 | 10.3
Spellcasting   | 3 7 |  7.0
Dodging        | 4 5 |  5.1
Fighting       | 4 5 7 |  7.3
Invocations    | 6 7 |  7.4

Action                   |  1- 3 |  4- 6 |  7- 9 | 10-12 || total
-------------------------+-------+-------+-------+-------++-------
Melee: Unarmed           |   108 |    67 |   296 |   555 ||  1026
       Tailslap          |    17 |     7 |    25 |    62 ||   111
       Kick              |    12 |     8 |     1 |     8 ||    29
       Punch             |     2 |     2 |     9 |    15 ||    28
       Headbutt          |     1 |       |     3 |       ||     4
       Hand axe          |    32 |   100 |   160 |       ||   292
       Morningstar       |       |       |    38 |    96 ||   134
 Cast: Beastly Appendage |    18 |     8 |     5 |     5 ||    36
       Spider Form       |       |    14 |    27 |    25 ||    66
       Sticks to Snakes  |       |       |     2 |     4 ||     6
       Blade Hands       |       |       |       |    25 ||    25
       Ice Form          |       |       |       |     1 ||     1
Invok: Line Pass         |       |       |       |     1 ||     1
       Stomp             |       |       |       |     1 ||     1
 Abil: Breathe Steam     |       |       |     8 |     3 ||    11
Evoke: Wand              |       |       |     5 |       ||     5
  Use: Potion            |     4 |     2 |     4 |     3 ||    13
       Scroll            |       |     9 |     9 |    11 ||    29
 Stab: Invisible         |     1 |       |       |       ||     1
       Sleeping          |       |     2 |     4 |     4 ||    10
       Paralysed         |       |       |       |    17 ||    17
       Confused          |       |       |       |     1 ||     1
  Eat: Chunk             |     5 |     9 |    20 |    23 ||    57
       Ration            |       |     1 |     1 |     6 ||     8
Armor: Skin              |    39 |    47 |    90 |    99 ||   275
Dodge: Dodged            |    90 |   166 |   623 |   607 ||  1486

Table legend:
 A = Non-vault XP
 B = Vault XP
 C = Vault XP percentage of total XP
 D = Non-vault monster count
 E = Vault monster count
 F = Vault count percentage of total count
                 A         B        C        D         E       F
            +---------+---------+-------+---------+---------+-------
      Total |   18753 |    7365 |  28.2 |     306 |      89 |  22.5
            +---------+---------+-------+---------+---------+-------
        D:1 |      45 |       0 |   0.0 |      20 |       0 |   0.0
        D:2 |     173 |      77 |  30.8 |      26 |       2 |   7.1
        D:3 |     109 |     258 |  70.3 |      24 |       2 |   7.7
        D:4 |      97 |       0 |   0.0 |       9 |       0 |   0.0
        D:5 |     559 |      84 |  13.1 |      25 |       4 |  13.8
        D:6 |    1326 |     706 |  34.7 |      33 |       7 |  17.5
        D:7 |    2216 |       0 |   0.0 |      47 |       0 |   0.0
        D:8 |    2149 |     215 |   9.1 |      36 |       1 |   2.7
        D:9 |     363 |       4 |   1.1 |      11 |       2 |  15.4
       D:10 |    3114 |       0 |   0.0 |      33 |       0 |   0.0
     Lair:1 |    2874 |       0 |   0.0 |      13 |       0 |   0.0
     Lair:2 |    4342 |       0 |   0.0 |      23 |       0 |   0.0
     Lair:3 |    1386 |    1328 |  48.9 |       6 |       3 |  33.3
      Sewer |       0 |     435 | 100.0 |       0 |      48 | 100.0
      IceCv |       0 |    4258 | 100.0 |       0 |      20 | 100.0
            +---------+---------+-------+---------+---------+-------
